PBL
WASHINGTON NATIONALS @ CHICAGO CUBS
03/05/2071
 
TOP OF THE 1ST
Washington Nationals batting - Pitching for Chicago Cubs : LHP Herbie Everhart
Pitching: LHP Herbie Everhart
Batting: LHB Luis Morín 0-0: Called Strike
0-1: Ball
1-1: Ball
2-1: Ball
3-1: Called Strike
3-2: Base on Balls
Batting: LHB Gabriel Chacón 0-0: Foul Ball, location: 9LSF
0-1: Ball
1-1: Ball
2-1: Fly out, F4 (Popup, 4D, EV 56.9 MPH)
Batting: RHB Aureliano Cervantes 0-0: Ball
1-0: Ball
2-0: Called Strike
2-1: Ball
3-1: Fielders Choice at 2nd, 6-4 (Groundball, 6, EV 86.3 MPH)
Batting: RHB Francisco Lafrosia 0-0: Ball
Balk!
Aureliano Cervantes to second
1-0: Fly out, F9 (Flyball, 89M, EV 88.8 MPH)
Top of the 1st over - 0 runs, 0 hits, 0 errors, 1 left on base; Washington 0 - Chicago 0
BOTTOM OF THE 1ST
Chicago Cubs batting - Pitching for Washington Nationals : RHP Billy Kemper
Pitching: RHP Billy Kemper
Batting: LHB Orlando Melero 0-0: Ground out 4-3 (Groundball, 4, EV 106.9 MPH)
Batting: LHB Yan Peltier 0-0: Foul Ball, location: 2F
0-1: Ball
1-1: Fly out, F6 (Line Drive, 6, EV 70.6 MPH)
Batting: SHB Jesús Mora 0-0: Fly out, F7 (Flyball, 7D, EV 100.0 MPH)
Bottom of the 1st over - 0 runs, 0 hits, 0 errors, 0 left on base; Washington 0 - Chicago 0
TOP OF THE 2ND
Washington Nationals batting - Pitching for Chicago Cubs : LHP Herbie Everhart
Batting: RHB Logan O'Neill 0-0: Called Strike
0-1: Ball
1-1: Ball
2-1: Ball
3-1: Base on Balls
Batting: RHB José Guzmán 0-0: Called Strike
0-1: SINGLE (Groundball, 4MD, EV 100.0 MPH)
Logan O'Neill to second
Runner from 2nd tries for 3rd, SAFE, throw by CF made to third
Batting: LHB Rob de la Rosa 0-0: Foul Ball, location: 3FF
0-1: Ball
1-1: Swinging Strike
1-2: Ball
2-2: Fielders Choice at 2nd, 4-6 (Groundball, 34D, EV 110.0 MPH)
Logan O'Neill scores
Batting: RHB Juan Díaz 0-0: Ball
1-0: Ball
2-0: Foul Ball, location: 23FF
2-1: Ball
3-1: Called Strike
3-2: Grounds into double play, 2-4-3 (Groundball, 15S, EV 70.0 MPH)
Top of the 2nd over - 1 run, 1 hit, 0 errors, 0 left on base; Washington 1 - Chicago 0
BOTTOM OF THE 2ND
Chicago Cubs batting - Pitching for Washington Nationals : RHP Billy Kemper
Batting: RHB Iván Valpreda 0-0: Foul Ball, location: 5F
0-1: Ball
1-1: Ball
2-1: Fly out, F3 (Popup, 3, EV 71.3 MPH)
Batting: RHB José Rodríguez 0-0: Called Strike
0-1: Swinging Strike
0-2: Strikes out swinging
Batting: LHB Dan Byrd 0-0: Called Strike
0-1: Ball
1-1: Called Strike
1-2: Fly out, F7 (Flyball, 7S, EV 85.6 MPH)
Bottom of the 2nd over - 0 runs, 0 hits, 0 errors, 0 left on base; Washington 1 - Chicago 0
TOP OF THE 3RD
Washington Nationals batting - Pitching for Chicago Cubs : LHP Herbie Everhart
Batting: RHB Doug George 0-0: Called Strike
0-1: Ball
1-1: Fly out, F9 (Line Drive, 9, EV 86.3 MPH)
Batting: LHB Luis Morín 0-0: Ball
1-0: DOUBLE (Line Drive, 3D, EV 97.5 MPH)
Batting: LHB Gabriel Chacón 0-0: Ball
1-0: Ball
2-0: Called Strike
2-1: SINGLE (Groundball, 2L, EV 70.0 MPH) (infield hit)
Luis Morín to third
Batting: RHB Aureliano Cervantes 0-0: Ball
1-0: Ball
2-0: Ball
3-0: Called Strike
3-1: Base on Balls
Gabriel Chacón to second
Batting: RHB Francisco Lafrosia 0-0: Called Strike
0-1: Foul Ball, location: 2F
0-2: Fly out, F8 (Line Drive, 8RM, EV 91.9 MPH)
Runner from 3rd tags up, SCORES, throw by CF
Batting: RHB Logan O'Neill 0-0: Fly out, F6 (Popup, 6M, EV 63.1 MPH)
Top of the 3rd over - 1 run, 2 hits, 0 errors, 2 left on base; Washington 2 - Chicago 0
BOTTOM OF THE 3RD
Chicago Cubs batting - Pitching for Washington Nationals : RHP Billy Kemper
Batting: RHB José Rodríguez 0-0: Ball
1-0: Ground out 4-3 (Groundball, 4, EV 88.1 MPH)
Batting: RHB Lorne Roach 0-0: Ball
1-0: Foul Ball, location: 2F
1-1: Called Strike
1-2: Fly out, F7 (Flyball, 78D, EV 93.1 MPH)
Batting: LHB Mitchell Sanders 0-0: Called Strike
0-1: Ball
1-1: Called Strike
1-2: Strikes out looking
Bottom of the 3rd over - 0 runs, 0 hits, 0 errors, 0 left on base; Washington 2 - Chicago 0
TOP OF THE 4TH
Washington Nationals batting - Pitching for Chicago Cubs : LHP Herbie Everhart
Batting: RHB José Guzmán 0-0: Fly out, F9 (Flyball, 89S, EV 75.6 MPH)
Batting: LHB Rob de la Rosa 0-0: Ball
1-0: Ball
2-0: Fly out, F7 (Flyball, 7D, EV 101.3 MPH)
Batting: RHB Juan Díaz 0-0: Ball
1-0: Ball
2-0: Fly out, F6 (Popup, 6, EV 75.6 MPH)
Top of the 4th over - 0 runs, 0 hits, 0 errors, 0 left on base; Washington 2 - Chicago 0
BOTTOM OF THE 4TH
Chicago Cubs batting - Pitching for Washington Nationals : RHP Billy Kemper
Batting: LHB Orlando Melero 0-0: Fly out, F8 (Flyball, 8LD, EV 80.6 MPH)
Batting: LHB Yan Peltier 0-0: Ball
1-0: Called Strike
1-1: Fly out, F9 (Flyball, 9D, EV 105.6 MPH)
Batting: SHB Jesús Mora 0-0: Ball
1-0: Ball
2-0: Ball
3-0: Called Strike
3-1: Base on Balls
Batting: RHB Iván Valpreda 0-0: Called Strike
0-1: Reached on error, E6 (Groundball, 56, EV 86.3 MPH)
Jesús Mora to second
Batting: RHB José Rodríguez 0-0: Called Strike
0-1: Swinging Strike
0-2: Strikes out swinging
Bottom of the 4th over - 0 runs, 0 hits, 1 error, 2 left on base; Washington 2 - Chicago 0
TOP OF THE 5TH
Washington Nationals batting - Pitching for Chicago Cubs : LHP Herbie Everhart
Now at 1B: Tom White
Now at 3B: José Rodríguez
Now at SS: Eddie Brown
Now in LF: Carlos García
Batting: RHB Doug George 0-0: Ball
1-0: Called Strike
1-1: Foul Ball, location: 9LSF
1-2: Ball
2-2: Strikes out swinging
Pinch Hitting: RHB Cisco Jiménez 0-0: Ball
1-0: Ball
2-0: Ball
3-0: Base on Balls
Pinch Hitting: LHB Kyle Lynch 0-0: Ball
1-0: 2-RUN HOME RUN (Flyball, 7D, EV 96.9 MPH), Distance : 381 ft
Batting: RHB Aureliano Cervantes 0-0: Ball
1-0: Foul Ball, location: 7LSF
1-1: Ground out 5-3 (Groundball, 56S, EV 78.8 MPH)
Batting: RHB Francisco Lafrosia 0-0: Ball
1-0: Fly out, F8 (Flyball, 8RD, EV 101.3 MPH)
Top of the 5th over - 2 runs, 1 hit, 0 errors, 0 left on base; Washington 4 - Chicago 0
BOTTOM OF THE 5TH
Chicago Cubs batting - Pitching for Washington Nationals : RHP Billy Kemper
Now at 3B: Juan Díaz
Now at SS: Richie Scott
Now in LF: Kyle Lynch
Now in CF: Cisco Jiménez
Batting: LHB Dan Byrd 0-0: Ball
1-0: Foul Ball, location: 2F
1-1: Foul Ball, location: 23F
1-2: Ball
2-2: Ball
3-2: Fly out, F7 (Line Drive, 78M, EV 99.4 MPH)
Batting: RHB José Rodríguez 0-0: Ball
1-0: Ground out 6-3 (Groundball, 6, EV 91.9 MPH)
Batting: RHB Lorne Roach 0-0: Called Strike
0-1: Ball
1-1: Ball
2-1: Called Strike
2-2: Ball
3-2: Ground out 6-3 (Groundball, 6, EV 86.3 MPH)
Bottom of the 5th over - 0 runs, 0 hits, 0 errors, 0 left on base; Washington 4 - Chicago 0
TOP OF THE 6TH
Washington Nationals batting - Pitching for Chicago Cubs : LHP Herbie Everhart
Pitching: RHP Culley Morgan
Pinch Hitting: LHB Iemochi Sasaki 0-0: Ball
1-0: Ball
2-0: Ball
3-0: Called Strike
3-1: SINGLE (Groundball, 15, EV 81.9 MPH) (infield hit)
Batting: RHB José Guzmán 0-0: Foul Ball, location: 2F
0-1: Grounds into double play, 6-4-3 (Groundball, 6, EV 93.1 MPH)
Batting: LHB Bailey Banks 0-0: Called Strike
0-1: Fly out, F6 (Popup, 4MS, EV 73.8 MPH)
Top of the 6th over - 0 runs, 1 hit, 0 errors, 0 left on base; Washington 4 - Chicago 0
BOTTOM OF THE 6TH
Chicago Cubs batting - Pitching for Washington Nationals : RHP Billy Kemper
Now in RF: Iemochi Sasaki
Batting: LHB Mitchell Sanders 0-0: Foul Ball, location: 25F
0-1: Foul Ball, location: 7LDF
0-2: Fly out, F9 (Flyball, 89D, EV 103.1 MPH)
Pinch Hitting: LHB Larry Church 0-0: Ball
1-0: Swinging Strike
1-1: Ball
2-1: Ball
3-1: Called Strike
3-2: Strikes out swinging
Batting: RHB Tom White 0-0: Called Strike
0-1: Ball
1-1: Ball
2-1: Fly out, F7 (Flyball, 7, EV 96.3 MPH)
Bottom of the 6th over - 0 runs, 0 hits, 0 errors, 0 left on base; Washington 4 - Chicago 0
TOP OF THE 7TH
Washington Nationals batting - Pitching for Chicago Cubs : RHP Culley Morgan
Pitching: RHP Richard Jackson
Now at 2B: Eddie Brown
Now at SS: Matt MacPherson
Now in CF: Larry Church
Pinch Hitting: RHB Gabriel Morán 0-0: Called Strike
0-1: Ground out 6-3 (Groundball, 6, EV 89.4 MPH)
Pinch Hitting: RHB Rusty Tucker 0-0: Ball
1-0: Ball
2-0: Called Strike
2-1: Ball
3-1: SINGLE (Flyball, 6MD, EV 95.0 MPH)
Batting: RHB Cisco Jiménez 0-0: Ball
1-0: SINGLE (Line Drive, 4MD, EV 96.9 MPH)
Rusty Tucker to second
Runner from 2nd tries for 3rd, SAFE, no throw by CF
Batting: LHB Kyle Lynch 0-0: Swinging Strike
0-1: Ball
1-1: Called Strike
Cisco Jiménez steals 2nd base
1-2: Foul Ball, location: 2F
1-2: Ball
2-2: Ball
3-2: Strikes out swinging
Batting: RHB Richie Scott 0-0: Ball
1-0: Ball
2-0: Swinging Strike
2-1: Ball
3-1: Foul Ball, location: 23FF
3-2: Foul Ball, location: 9LMF
3-2: Base on Balls
Batting: RHB Francisco Lafrosia 0-0: Ball
1-0: Ball
2-0: Foul Ball, location: 7LDF
2-1: Foul Ball, location: 3FF
2-2: Ball
3-2: Foul Ball, location: 9LSF
3-2: Fly out, F7 (Flyball, 78M, EV 91.3 MPH)
Top of the 7th over - 0 runs, 2 hits, 0 errors, 3 left on base; Washington 4 - Chicago 0
BOTTOM OF THE 7TH
Chicago Cubs batting - Pitching for Washington Nationals : RHP Billy Kemper
Pitching: LHP Jeffery Paige
Now at 2B: Rusty Tucker
Now at 3B: Gabriel Morán
Batting: RHB Matt MacPherson 0-0: Ball
1-0: Ground out 4-3 (Groundball, 4M, EV 109.4 MPH)
Batting: RHB Eddie Brown 0-0: Swinging Strike
0-1: Ground out 5-3 (Groundball, 56, EV 100.6 MPH)
Batting: RHB Carlos García 0-0: Called Strike
0-1: Ball
1-1: Called Strike
1-2: Ball
2-2: Foul Ball, location: 3F
2-2: Foul Ball, location: 3FF
2-2: Strikes out swinging, 2-3 out at first.
Bottom of the 7th over - 0 runs, 0 hits, 0 errors, 0 left on base; Washington 4 - Chicago 0
TOP OF THE 8TH
Washington Nationals batting - Pitching for Chicago Cubs : RHP Richard Jackson
Pitching: LHP Jemi Hudson
Batting: LHB Iemochi Sasaki 0-0: Fly out, F8 (Line Drive, 8LS, EV 91.3 MPH)
Batting: RHB José Guzmán 0-0: Ball
1-0: Foul Ball, location: 9LMF
1-1: Ball
2-1: Fly out, F6 (Popup, 4M, EV 72.5 MPH)
Batting: LHB Bailey Banks 0-0: Ball
1-0: Called Strike
1-1: Called Strike
1-2: Foul Ball, location: 7LDF
1-2: Strikes out swinging
Top of the 8th over - 0 runs, 0 hits, 0 errors, 0 left on base; Washington 4 - Chicago 0
BOTTOM OF THE 8TH
Chicago Cubs batting - Pitching for Washington Nationals : LHP Jeffery Paige
Pitching: LHP Jordan Madison
Batting: SHB George Moore 0-0: Foul Ball, location: 23FF
0-1: Ball
1-1: Foul Ball, location: 2F
1-2: Ball
2-2: Foul Ball, location: 9LMF
2-2: Fly out, F8 (Flyball, 78D, EV 107.5 MPH)
Batting: RHB José Rodríguez 0-0: Ball
1-0: Ball
2-0: Swinging Strike
2-1: Foul Ball, location: 5F
2-2: Strikes out swinging
Batting: RHB Lorne Roach 0-0: Ground out U3 (Groundball, 13, EV 83.8 MPH)
Bottom of the 8th over - 0 runs, 0 hits, 0 errors, 0 left on base; Washington 4 - Chicago 0
TOP OF THE 9TH
Washington Nationals batting - Pitching for Chicago Cubs : LHP Jemi Hudson
Pitching: RHP Michael Riley
Batting: RHB Gabriel Morán 0-0: Called Strike
0-1: Foul Ball, location: 9LDF
0-2: Reached via error on a dropped throw from 1B, E1 (Groundball, 34, EV 91.3 MPH)
Batting: RHB Rusty Tucker 0-0: SINGLE (Groundball, 34, EV 106.9 MPH)
Gabriel Morán to second
Runner from 2nd tries for 3rd, SAFE, throw by RF made to third
Batting: RHB Cisco Jiménez 0-0: Ball
1-0: Ball
2-0: Foul Ball, location: 5SF
2-1: Ball
3-1: Called Strike
3-2: Foul Ball, location: 23F
3-2: Base on Balls
Rusty Tucker to second
Pinch Hitting: LHB Ed Randall 0-0: SINGLE (Line Drive, 56D, EV 103.8 MPH)
Gabriel Morán scores
Rusty Tucker to third
Cisco Jiménez to second
Batting: RHB Richie Scott 0-0: Ball
1-0: Grounds into double play, 6-4-3 (Groundball, 6, EV 105.0 MPH)
Rusty Tucker scores
Cisco Jiménez to third
Batting: RHB Francisco Lafrosia 0-0: Foul Ball, location: 5F
0-1: SINGLE (Line Drive, 4D, EV 97.5 MPH)
Cisco Jiménez scores
Batting: LHB Iemochi Sasaki 0-0: Called Strike
0-1: Foul Ball, location: 2F
0-2: Ball
1-2: Foul Ball, location: 2F
1-2: Strikes out swinging
Top of the 9th over - 3 runs, 3 hits, 1 error, 1 left on base; Washington 7 - Chicago 0
BOTTOM OF THE 9TH
Chicago Cubs batting - Pitching for Washington Nationals : LHP Jordan Madison
Pitching: RHP Peter Smith
Now in LF: Ed Randall
Pinch Hitting: RHB Pedro Hernández 0-0: Fly out, F8 (Flyball, 89D, EV 101.9 MPH)
Batting: LHB Larry Church 0-0: Ball
1-0: Ball
2-0: Ball
3-0: Base on Balls
Batting: RHB Tom White 0-0: SINGLE (Flyball, 8LS, EV 96.9 MPH)
Larry Church to second
Pinch Hitting: LHB Larry Johnson 0-0: Swinging Strike
0-1: Foul Ball, location: 2F
0-2: Ball
1-2: Fly out, F6 (Popup, 56D, EV 50.0 MPH)
Pinch Hitting: LHB Hunter Mathis 0-0: Called Strike
0-1: Called Strike
0-2: Foul Ball, location: 23FF
0-2: Foul Ball, location: 2F
0-2: Strikes out looking
Bottom of the 9th over - 0 runs, 1 hit, 0 errors, 2 left on base; Washington 7 - Chicago 0
Thursday, March 28th , 2024 - OOTP Baseball 24.10 Build 82